 Dungeon Crawl Stone Soup version 0.20.1-1-g8b1a95d (webtiles) character file.

85 LoNine the Skirmisher (level 4, 43/45 HPs)
             Began as a Troll Berserker on Oct 5, 2017.
             Was a Believer of Trog.
             Quit the game on level 3 of the Dungeon on Oct 6, 2017.
             The game lasted 00:06:06 (1706 turns).

LoNine the Skirmisher (Troll Berserker)             Turns: 1706, Time: 00:06:07

Health: 43/45      AC:  5    Str: 26    XL:     4   Next: 25%
Magic:  3/3        EV: 10    Int:  3    God:    Trog [**....]
Gold:   86         SH:  0    Dex:  9    Spells: 3/3 levels left

rFire    . . .     SeeInvis .   a - +0 mace
rCold    . . .     Gourm    +   (no shield)
rNeg     . . .     Faith    .   b - +0 animal skin
rPois    .         Spirit   .   (helmet restricted)
rElec    .         Reflect  .   (no cloak)
rCorr    .         Harm     .   (gloves unavailable)
MR       .....     Rnd*Tele +   (boots unavailable)
Stlth    +.........             (no amulet)
Regen    0.6/turn               k - ring of teleportation (curse)
MPRegen  0.1/turn               (no ring)

@: no status effects
A: unfitting armour, claws 3, fast metabolism 3, gourmand, regeneration 1,
shaggy fur 1, tough skin 2
a: Berserk, Trog's Hand, Burn Spellbooks, Renounce Religion


You were on level 3 of the Dungeon.
You worshipped Trog.
Trog was pleased with you.
You were hungry.

You visited 1 branch of the dungeon, and saw 3 of its levels.

You collected 86 gold pieces.

Inventory:

Hand Weapons
 a - a +0 mace (weapon)
Armour
 b - a +0 animal skin (worn)
Jewellery
 k - a cursed ring of teleportation (left claw)
Scrolls
 d - 2 scrolls of remove curse {unknown}
 e - a scroll of identify {unknown}
 i - a scroll of random uselessness {unknown}
 n - a scroll of recharging {unknown}
Potions
 g - 2 potions of lignification {unknown}
 h - a potion of might {unknown}
 j - a potion of flight {unknown}
 l - a potion of agility {unknown}
 m - a potion of degeneration {unknown}
Comestibles
 c - 2 bread rations
 f - a meat ration


   Skills:
 + Level 3.3 Fighting
 + Level 3.3 Maces & Flails
 + Level 2.9 Dodging


You had 3 spell levels left.
You didn't know any spells.

Dungeon Overview and Level Annotations

Branches:
Dungeon (3/15)

Altars:
Hepliaklqana
Uskayaw


Innate Abilities, Weirdness & Mutations

You are too large for most types of armour.
You have claws for hands.
Your metabolism is lightning-fast.
You like to eat raw meat.
Your natural rate of healing is unusually fast.
You are covered in fur. (AC +1)
You have very tough skin. (AC +2)


Message History

You closely miss the hobgoblin. The hobgoblin barely misses you.
The hobgoblin closely misses you.
You barely miss the hobgoblin.
The hobgoblin hits you but does no damage.
You barely miss the hobgoblin. The hobgoblin closely misses you.
You barely miss the hobgoblin.
The hobgoblin hits you but does no damage. x2
You closely miss the hobgoblin. The hobgoblin hits you.
You barely miss the hobgoblin.
The hobgoblin hits you but does no damage.
You hit the hobgoblin.
You kill the hobgoblin!
Trog accepts your kill.
Found a stone staircase leading down.
Save game and exit?
Welcome back, LoNine the Troll Berserker.
Trog says: Kill them all!
Press ? for a list of commands and other information.
Unknown command.
Are you sure you want to abandon this character and quit the game? (Confirm with "yes".)

....# ....# ....#
....#
....##############
..............^..#
....############.#
...## #.# ...# #@#
.^.# #.# ...## #.#
##.#_. >#.# ####.
.#### ##8. .8##
##8 8## ## ##


There were no monsters in sight!

Vanquished Creatures
  3 adders (D:2)
  A worm (D:2)
  A dart slug (D:1)
  6 bats
  6 giant cockroaches
  6 goblins
  11 hobgoblins
  7 kobolds
  A quokka (D:2)
  A ball python (D:2)
  A frilled lizard (D:1)
  7 rats
51 creatures vanquished.

Notes
Turn   | Place    | Note
-------+----------+-------------------------------------------
     0 | D:1      | LoNine the Troll Berserker began the quest for the Orb.
     0 | D:1      | Reached XP level 1. HP: 22/22 MP: 0/0
   149 | D:1      | Reached XP level 2. HP: 29/29 MP: 1/1
   954 | D:2      | Reached ** piety under Trog
   954 | D:2      | Reached XP level 3. HP: 34/37 MP: 2/2
  1484 | D:2      | Reached XP level 4. HP: 34/45 MP: 3/3
  1608 | D:3      | Found a hazy altar of Hepliaklqana.
  1671 | D:3      | Found a hide-covered altar of Uskayaw.
  1706 | D:3      | Quit the game

Skill      XL: |  1  2 |
---------------+-------+-----
Fighting       | 3 |  3.3
Maces & Flails | 3 |  3.3
Dodging        | |  2.9

Action                   |  1- 3 |  4- 6 || total
-------------------------+-------+-------++-------
Melee: Mace              |   143 |    26 ||   169
 Stab: Sleeping          |     1 |       ||     1
  Eat: Bread ration      |     1 |       ||     1
       Chunk             |     3 |       ||     3
       Meat ration       |     1 |       ||     1
Armor: Animal skin       |    78 |    11 ||    89
Dodge: Dodged            |   104 |    14 ||   118
